 Dungeon Crawl Stone Soup version 0.28-a0-863-g8cecda6153 (webtiles) character file.

Game seed: 11119203147840831108

56 cheechan the Chucker (level 3, -1/21 HPs)
             Began as an Octopode Hunter on Nov 19, 2021.
             Was an Initiate of Ashenzari.
             Slain by a goblin (5 damage)
             ... led by Robin
             ... on level 3 of the Dungeon.
             The game lasted 00:06:31 (2052 turns).

cheechan the Chucker (Octopode Hunter)              Turns: 2052, Time: 00:06:32

Health: -1/21      AC:  1    Str: 11    XL:     3   Next: 95%
Magic:  3/3        EV: 13    Int: 13    God:    Ashenzari [......]
Gold:   75         SH:  5    Dex: 13    Spells: 2/2 levels left

rFire   x . .      SeeInvis .   k - +0 rapier
rCold   + . .      Faith    .   (no shield)
rNeg    . . .      Spirit   .   (helmet restricted)
rPois   +          Reflect  +   h - amulet of reflection
rElec   .          Harm     .   d - ring of ice
rCorr   .          Rampage  .   e - ring of poison resistance
Will    .....                   (no ring)
Stlth   +++.......              (no ring)
HPRegen 0.07/turn               (no ring)
MPRegen 0.08/turn               (no ring)
                                (no ring)
                                (no ring)

@: no status effects
A: almost no armour, amphibious, 8 rings, camouflage 1, gelatinous body 1,
(nimble swimmer 1), tentacles, tentacle spike 1, frail 1
a: Renounce Religion


You were on level 3 of the Dungeon.
You worshipped Ashenzari.
Ashenzari was noncommittal.
You visited 1 branch of the dungeon, and saw 3 of its levels.

You collected 75 gold pieces.

Inventory:

Hand Weapons
 f - a +0 hunting sling
 k - a +0 rapier (weapon)
Missiles
 c - 2 throwing nets
 i - 10 poisoned darts
 j - 14 arrows
 m - 2 javelins (quivered)
Jewellery
 d - a ring of ice (left tentacle)
 e - a ring of poison resistance (right tentacle)
 h - an amulet of reflection (around mantle)
Potions
 b - a potion of ambrosia {unknown}
 g - a potion of berserk rage {unknown}


   Skills:
 + Level 2.1 Fighting
 + Level 1.9 Short Blades
 + Level 4.6 Throwing
 + Level 2.1 Dodging
 + Level 2.0 Stealth


You had 2 spell levels left.
You didn't know any spells.
Your spell library contained the following spells:

 Spells                   Type           Power      Damage    Failure   Level
 Conjure Flame            Conj/Fire      0%         6-21      67%         3
 Ignite Poison            Fire/Tmut/Pois 0%         N/A       67%         3
 Sticky Flame             Conj/Fire      0%         2d3       97%         4


Dungeon Overview and Level Annotations

Branches:
Dungeon (3/15)

Altars:
Ashenzari

Annotations:
D:3 Robin


Innate Abilities, Weirdness & Mutations

You cannot wear most types of armour.
You are amphibious.
You can wear up to eight rings at the same time.
Your skin changes colour to match your surroundings (Stealth+).
Your rubbery body absorbs attacks. (AC +1, EV +1)
((You are camouflaged near water. (Stealth+)))
You have tentacles for arms and can constrict up to eight enemies at once.
One of your tentacles bears a spike.
You are frail. (-10% HP)


Message History

You strike the helpless goblin from behind!
You hit the goblin.
You kill the goblin!
You hear a shout!
Robin roars a battlecry!
The goblins go into a battle-frenzy!
Throw: 4 javelins
Press: ? - help, Q - select action, (/) - cycle Shift-Dir - straight line, f - goblin
Aim: a goblin, wielding a +0 club (strong, 53% to hit)
You throw a javelin.
The javelin barely misses the hobgoblin.
The adder hisses angrily.
The javelin pierces through the goblin.
You kill the goblin!
The javelin closely misses the goblin.
The javelin barely misses the goblin.
You hear a shout! x2; You hear an angry hiss.
A goblin comes into view. It is wielding a +0 club.
A hobgoblin comes into view.
A goblin comes into view. It is wielding a +0 club.
The rat bites you.
Throw: 3 javelins
Press: ? - help, Q - select action, (/) - cycle Shift-Dir - straight line, f/p - goblin
Aim: a goblin, wielding a +0 club (strong, 53% to hit)
You throw a javelin. The hobgoblin shouts!
The javelin pierces through the hobgoblin.
The hobgoblin is almost dead.
The javelin pierces through the goblin!
You kill the goblin!
The javelin pierces through the goblin!
You kill the goblin!
An endoplasm comes into view.
The hobgoblin hits you.
* * * LOW HITPOINT WARNING * * *
Robin's bangles clink loudly.
Robin throws the goblin at you!
* * * LOW HITPOINT WARNING * * *
The goblin hits you with a +0 club.
You die...

######......).......
###.#####.#######
#...##.....# .[
#...##.....## ...
#...##......# ##....
####...##......###......
...#...##......#........
...#...###.....#g#......
...###.# #.....)@r......
..####.# ##..###.g......
.......# #..# #..).####
.......# #..# #.gg)#
........(....# #...g).
..####.####.## #.....S#
..# #.# #. #...ggg# ..#
... .[ .......J ....
....


You could see Robin, an adder, an endoplasm, 2 hobgoblins, 5 goblins and a rat.

Vanquished Creatures
  An adder (D:2)
  2 worms (D:2)
  2 dart slugs (D:1)
  3 endoplasms
  A giant cockroach (D:1)
  10 goblins
  4 hobgoblins
  A kobold (D:2)
  4 ball pythons
  6 bats
  A frilled lizard (D:2)
  3 rats
38 creatures vanquished.

Vanquished Creatures (others)
  A plant (D:1)
1 creature vanquished.

Grand Total: 39 creatures vanquished

Notes
Turn   | Place    | Note
-------+----------+-------------------------------------------
     0 | D:1      | cheechan the Octopode Hunter began the quest for the Orb.
     0 | D:1      | Reached XP level 1. HP: 14/14 MP: 1/1
   114 | D:1      | Reached XP level 2. HP: 19/19 MP: 2/2
   198 | D:1      | Found a faded altar of an unknown god.
   282 | D:1      | Reached skill level 1 in Short Blades
   866 | D:1      | Reached XP level 3. HP: 17/24 MP: 3/3
  1432 | D:2      | Gained mutation: One of your tentacles bears a spike.
                  | [potion of mutation]
  1432 | D:2      | Gained mutation: You are frail. (-10% HP) [potion of
                  | mutation]
  1723 | D:2      | Found a broken altar of Ashenzari.
  1738 | D:2      | Became a worshipper of Ashenzari the Shackled
  2048 | D:3      | Noticed Robin
  2052 | D:3      | Slain by a goblin

Illustrated notes

Levels and vault maps discovered:
D:1:      tarquinn_simple_flora_water_f, layout_basic,
          shapermc_ecumenical_altar_acropolis
D:2:      layout_basic, basic_altar
D:3:      wad_river_or_something, layout_basic, minmay_cut_off, uniq_robin

Skill      XL: |  1  2  3 |
---------------+----------+-----
Short Blades   | 1 |  1.9
Stealth        | 2 |  2.0
Fighting       | |  2.1
Throwing       | |  4.6
Dodging        | |  2.1

Action                   || total
-------------------------++-------
Melee: Short sword       ||    56
       Constrict         ||    17
       Tentacles         ||     9
       Kick              ||     2
       Rapier            ||     1
Throw: Javelin           ||    18
       Throwing net      ||     1
  Use: Scroll            ||     6
       Potion            ||     1
 Stab: Sleeping          ||     3
       Distracted        ||     1
Armor: Skin              ||    11
Dodge: Dodged            ||    35

Table legend: (Time is in decaauts)
 A = Elapsed time spent in this place.
 B = Non-inter-level travel time spent in this place.
 C = Inter-level travel time spent in this place.
 D = Time resting spent in this place.
 E = Time spent auto-exploring this place.
 F = Levels seen in this place.
 G = Mean time per level.
                   A        B        C        D        E       F      G
               +--------+--------+--------+--------+--------+-----+--------+
         Total |   2057 |   2057 |      0 |    130 |      0 |   3 |  685.7 |
       Dungeon |   2057 |   2057 |      0 |    130 |      0 |   3 |  685.7 |
               +--------+--------+--------+--------+--------+-----+--------+

Top non-repeatable levels by time:
     D:1: 1076 daAuts
     D:2: 922 daAuts
     D:3: 59 daAuts
